 Dungeon Crawl Stone Soup version 0.27-a0-1136-g0b992a5a9d (webtiles) character file.

Game seed: 2666152378663730279

137 voltaire321 the Poker (level 5, 0/41 HPs)
             Began as a Merfolk Gladiator on May 5, 2021.
             Slain by Crazy Yiuf
             ... wielding a +3 quarterstaff of chaos
              (11 damage)
             ... on level 3 of the Dungeon.
             The game lasted 00:08:02 (2892 turns).

voltaire321 the Poker (Merfolk Gladiator)           Turns: 2892, Time: 00:08:02

Health: 0/41       AC:  6    Str: 15    XL:     5   Next: 20%
Magic:  5/5        EV: 13    Int:  8    God:
Gold:   86         SH:  0    Dex: 21    Spells: 4/4 levels left

rFire    . . .     SeeInvis .   a - +1 trident
rCold    . . .     Faith    .   (no shield)
rNeg     . . .     Spirit   .   p - +0 ring mail
rPois    .         Reflect  .   c - +0 helmet
rElec    .         Harm     .   (no cloak)
rCorr    .         Rampage  .   (no gloves)
Will     .....                  (no boots)
Stlth    +.........             (no amulet)
HPRegen  0.13/turn              q - +6 ring of dexterity
MPRegen  0.09/turn              (no ring)

@: no status effects
A: (nimble swimmer 2), mertail
a: no special abilities


You were on level 3 of the Dungeon.
You visited 1 branch of the dungeon, and saw 3 of its levels.

You collected 86 gold pieces.

Inventory:

Hand Weapons
 a - a +1 trident (weapon)
 b - a +3 hunting sling
Missiles
 d - 3 throwing nets (quivered)
 o - 8 atropa-tipped darts
 r - 23 sling bullets
Armour
 c - a +0 helmet (worn)
 k - a +0 leather armour
 p - a +0 ring mail (worn)
Jewellery
 q - a +6 ring of dexterity (left hand)
Scrolls
 f - 2 scrolls of teleportation {unknown}
 g - a scroll of torment {unknown}
 i - a scroll of immolation {unknown}
 j - a scroll of blinking {unknown}
 l - a scroll of fear
 n - 2 scrolls of identify
Potions
 e - a potion of degeneration {unknown}
 h - a potion of curing
 m - a potion of brilliance {unknown}
 s - a potion of ambrosia {unknown}


   Skills:
 + Level 3.2 Fighting
 + Level 5.4 Polearms
 + Level 2.8 Throwing
 + Level 1.3 Armour
 + Level 4.9 Dodging


You had 4 spell levels left.
You didn't know any spells.
Your spell library contained the following spells:

 Spells                   Type           Power      Damage    Failure   Level
 Sting                    Tmut/Pois      0%         1d3       63%         1
 Poisonous Vapours        Pois/Air       0%         N/A       77%         2
 Ignite Poison            Fire/Tmut/Pois 0%         N/A       94%         3
 Mephitic Cloud           Conj/Pois/Air  0%         N/A       94%         3
 Ice Form                 Ice/Tmut       0%         N/A       100%        4
 Olgreb's Toxic Radiance  Pois           0%         N/A       100%        4
 Summon Ice Beast         Ice/Summ       0%         N/A       100%        4
 Freezing Cloud           Conj/Ice/Air   0%         6-21      100%        6
 Simulacrum               Ice/Necr       0%         N/A       100%        6
 Ozocubu's Refrigeration  Ice            0%         4d5       100%        7


Dungeon Overview and Level Annotations

Branches:
Dungeon (3/15)

Altars:
Qazlal

Annotations:
D:3 Crazy Yiuf


Innate Abilities, Weirdness & Mutations

((You are quick and stealthy near water. (Stealth+, EV+, Speed+++)))
Your lower body shifts to a powerful aquatic tail in water.


Message History

Found a robe and a ring mail.
There is a large open door here.
There is a stone staircase leading down here.
Found a mace.
Found a runed translucent door.
Crazy Yiuf shouts!
You open the door. You closely miss Crazy Yiuf. Crazy Yiuf closely misses you.
You hit Crazy Yiuf.
Crazy Yiuf is moderately wounded.
Crazy Yiuf barely misses you.
You hit Crazy Yiuf but do no damage.
Crazy Yiuf is moderately wounded.
Crazy Yiuf closely misses you.
You hit Crazy Yiuf but do no damage.
Crazy Yiuf is moderately wounded.
Crazy Yiuf closely misses you.
You hit Crazy Yiuf.
Crazy Yiuf is moderately wounded.
Crazy Yiuf hits you with a +3 quarterstaff of chaos!
You are poisoned.
You puncture Crazy Yiuf!
Crazy Yiuf is almost dead.
You feel very sick. Crazy Yiuf closely misses you.
You hit Crazy Yiuf but do no damage.
Crazy Yiuf is almost dead.
You feel very sick. Crazy Yiuf closely misses you.
You closely miss Crazy Yiuf.
Crazy Yiuf is almost dead.
You feel very sick.
Crazy Yiuf sings, "Trees, trees, trees, circus!"
Crazy Yiuf hits you with a +3 quarterstaff of chaos!
* * * LOW HITPOINT WARNING * * *
Crazy Yiuf burns you.
* * * LOW HITPOINT WARNING * * *
You feel better.
Crazy Yiuf says, "Island!"
Crazy Yiuf hits you with a +3 quarterstaff of chaos!
You die...

#.......##
##.......#
#........#
#.######## #.#
#.###♣♣♣♣♣
#.##...♣.♣♣♣ ###
#.......♣..♣#...#
#......♣♣♣♣@g...#
##.#..♣♣ ♣♣#..)#
####♣♣ ###


You could see Crazy Yiuf.

Vanquished Creatures
  Terence (D:2)
  3 gnolls (D:2)
  2 adders
  2 worms (D:2)
  3 dart slugs (D:2)
  2 orcs (D:3)
  A ball python (D:1)
  3 endoplasms
  A giant cockroach (D:1)
  7 goblins
  7 hobgoblins
  5 jackals
  4 kobolds (D:1)
  2 bats
  A frilled lizard (D:2)
  7 rats
51 creatures vanquished.

Notes
Turn   | Place    | Note
-------+----------+-------------------------------------------
     0 | D:1      | voltaire321 the Merfolk Gladiator began the quest for the
                  | Orb.
     0 | D:1      | Reached XP level 1. HP: 16/16 MP: 1/1
   140 | D:1      | Reached XP level 2. HP: 20/23 MP: 2/2
   891 | D:1      | Reached XP level 3. HP: 22/28 MP: 3/3
  1223 | D:2      | Found a faded altar of an unknown god.
  1341 | D:2      | Found a stormy altar of Qazlal.
  1768 | D:2      | Reached skill level 1 in Armour
  1774 | D:2      | Reached skill level 5 in Polearms
  1774 | D:2      | Reached XP level 4. HP: 16/34 MP: 4/4
  2336 | D:3      | Noticed Terence
  2354 | D:2      | Killed Terence
  2541 | D:3      | Reached XP level 5. HP: 41/41 MP: 5/5
  2879 | D:3      | Found a runed translucent door.
  2880 | D:3      | Noticed Crazy Yiuf
  2891 | D:3      | HP: 1/41 [Crazy Yiuf/+3 quarterstaff of chaos (3)]
  2892 | D:3      | Slain by Crazy Yiuf

Illustrated notes

Levels and vault maps discovered:
D:1:      eino_arrival_tree_alley, layout_basic
D:2:      kennysheep_big_flooded_room, layout_basic, basic_ecumenical_altar,
          basic_altar
D:3:      layout_rooms, lemuel_doored_altar, kennysheep_generic_room_5,
          uniq_crazy_yiuf_cottage, uniq_terence

Skill      XL: |  1  2  3  4 |
---------------+-------------+-----
Armour         | 1 |  1.3
Polearms       | 5 |  5.4
Fighting       | 3 |  3.2
Throwing       | |  2.8
Dodging        | |  4.9

Action                   |  1- 3 |  4- 6 || total
-------------------------+-------+-------++-------
Melee: Trident           |   104 |    71 ||   175
 Fire: Hunting sling     |       |     4 ||     4
  Use: Scroll            |     4 |       ||     4
       Potion            |       |     1 ||     1
 Stab: Sleeping          |     2 |       ||     2
Armor: Leather armour    |     8 |     3 ||    11
       Ring mail         |       |     5 ||     5
Dodge: Dodged            |    48 |    44 ||    92

Table legend: (Time is in decaauts)
 A = Elapsed time spent in this place.
 B = Non-inter-level travel time spent in this place.
 C = Inter-level travel time spent in this place.
 D = Time resting spent in this place.
 E = Time spent auto-exploring this place.
 F = Levels seen in this place.
 G = Mean time per level.
                   A        B        C        D        E       F      G
               +--------+--------+--------+--------+--------+-----+--------+
         Total |   2900 |   2723 |    177 |    707 |   1540 |   3 |  966.7 |
       Dungeon |   2900 |   2723 |    177 |    707 |   1540 |   3 |  966.7 |
               +--------+--------+--------+--------+--------+-----+--------+

Top non-repeatable levels by time:
     D:2: 1338 daAuts
     D:1: 1182 daAuts
     D:3: 379 daAuts
